 Dungeon Crawl Stone Soup version 0.29.1-2-gbd0b4ee654 (webtiles) character file.

Game seed: 17319226066066771285

419 xian the Agent of Entropy (level 6, -3/48 HPs)
             Began as a Demonspawn Abyssal Knight on Nov 13, 2022.
             Was a Priest of Lugonu.
             Slain by Grinder (6 damage)
             ... on level 5 of the Dungeon.
             The game lasted 00:09:30 (4554 turns).

xian the Agent of Entropy (DsAK)                    Turns: 4554, Time: 00:09:31

Health: -3/48      AC: 13    Str: 15    XL:     6   Next: 62%
Magic:  9/9        EV:  7    Int: 11    God:    Lugonu [***...]
Gold:   158        SH:  0    Dex: 14    Spells: 5/5 levels left

rFire   . . .      SeeInvis .   l - +2 dagger (venom)
rCold   . . .      Faith    .   (no shield)
rNeg    . . .      Spirit   .   r - +0 chain mail
rPois   .          Reflect  .   (helmet restricted)
rElec   .          Harm     .   (no cloak)
rCorr   .          Rampage  .   s - +0 pair of gloves
Will    .....                   (no boots)
Stlth   ..........              (no amulet)
HPRegen 0.16/turn               (no ring)
MPRegen 0.11/turn               (no ring)

@: mighty, weak-willed
A: horns 1, molten scales 2, demonic guardian 1
a: Renounce Religion, Depart the Abyss, Bend Space, Banish


You were on level 5 of the Dungeon.
You worshipped Lugonu.
Lugonu was most pleased with you.
You visited 1 branch of the dungeon, and saw 5 of its levels.
You visited the Abyss 1 time.

You collected 158 gold pieces.

Inventory:

Hand Weapons
 l - a +2 dagger of venom (weapon)
Armour
 r - a +0 chain mail (worn)
 s - a +0 pair of gloves (worn)
Jewellery
 m - a +6 ring of intelligence
Scrolls
 b - a scroll of silence {unknown}
 d - 5 scrolls of vulnerability
 e - a scroll of magic mapping {unknown}
 f - a scroll of acquirement {unknown}
 g - a scroll of poison
 h - a scroll of immolation {unknown}
 k - 4 scrolls of identify {unknown}
 n - 3 scrolls of fear {unknown}
Potions
 a - 2 potions of flight {unknown}
 c - a potion of degeneration {unknown}
 i - a potion of might
 j - a potion of brilliance {unknown}
 o - 2 potions of heal wounds {unknown}
 p - 2 potions of attraction {unknown}
 q - a potion of curing {unknown}


   Skills:
 + Level 4.3 Fighting
 + Level 3.5 Short Blades
 + Level 3.4 Armour
 + Level 1.7 Dodging
 + Level 1.3 Stealth
 * Level 4.4 Invocations


You had 5 spell levels left.
You didn't know any spells.
Your spell library contained the following spells:

 Spells                   Type           Power      Damage    Failure   Level
 Necrotise                Necr           0%         1d4       100%        1
 Sting                    Tmut/Pois      0%         1d3       100%        1
 Poisonous Vapours        Pois/Air       0%         N/A       100%        2
 Vampiric Draining        Necr           0%         2d6       100%        3
 Animate Dead             Necr           0%         N/A       100%        4
 Cause Fear               Hex            0%         N/A       100%        4
 Olgreb's Toxic Radiance  Pois           0%         N/A       100%        4
 Agony                    Necr           0%         N/A       100%        5
 Iskenderun's Battlesphe  Conj           0%         2d6       100%        5
 Iron Shot                Conj/Erth      0%         9d1       100%        6
 Dragon Form              Tmut           0%         N/A       100%        7
 Haunt                    Necr/Summ      0%         N/A       100%        7
 Spellforged Servitor     Conj/Summ      0%         N/A       100%        7
 Infestation              Necr           0%         N/A       100%        8
 Dragon's Call            Summ           0%         N/A       100%        9


Dungeon Overview and Level Annotations

Branches:
Dungeon (5/15)
 Temple: D:4-7

Altars:
Ru
Trog
Yredelemnul

Shops:
D:5 (

Annotations:
D:5 Grinder


Innate Abilities, Weirdness & Mutations

You have a pair of small horns on your head.
You are mostly covered in molten scales. (AC +3)
A weak demonic guardian rushes to your aid.


Message History

Your quasit claws Grinder but does no damage.
Grinder blinks!
It was a potion of might.
You feel very mighty all of a sudden.
Your quasit barely misses Grinder.
Your quasit claws Grinder but does no damage.
Your quasit claws Grinder.
Grinder hits you.
* * * LOW HITPOINT WARNING * * *
A demonic guardian appears!
You writhe in agony.
* * * LOW HITPOINT WARNING * * *
You puncture Grinder!
Grinder is heavily wounded.
Your quasit bites Grinder but does no damage.
Your quasit claws Grinder.
Your quasit barely misses Grinder.
Unknown command.
You strike the helpless Grinder from behind!
You puncture Grinder!
Grinder is almost dead.
Your quasit bites Grinder but does no damage.
Your quasit claws Grinder.
Your quasit closely misses Grinder.
Grinder blinks!
Unknown command.
Grinder gestures at you.
Your shadow imp suddenly stops moving!
There is a stone staircase leading up here.
Grinder closely misses your quasit.
Your quasit bites Grinder but does no damage.
Your quasit claws Grinder.
Your quasit closely misses Grinder.
Your quasit bites Grinder.
Your quasit barely misses Grinder. x2
Grinder hits your quasit.
You swap places.
Grinder says, "FISH!"
Grinder misses your quasit.
Your quasit bites Grinder but does no damage.
Your quasit barely misses Grinder.
Your quasit claws Grinder.
You barely miss Grinder.
Grinder is almost dead.
Grinder hits you.
* * * LOW HITPOINT WARNING * * *
You writhe in agony.
You die...

#.......#
#.....#.#
#.##.##.# #
#.##5##
#.#...
#..#.#
..#####..#.#
........5..#
#####..5@#.#
#.##5.#.#
#<.#.#
##...# #.#.#
###..# .#.#
.### .#


You could see Grinder (weak-willed, ally target), a friendly quasit (summoned)
and a friendly shadow imp (summoned, paralysed).

Vanquished Creatures
  An ogre (D:4)
  A phantom (D:5)
  A necrophage (D:4)
  A howler monkey (D:4)
  2 iguanas (D:4)
  A gnoll (D:4)
  5 adders
  An ufetubus (D:5)
  A worm (D:3)
  A dart slug (D:4)
  3 orcs (D:4)
  7 endoplasms
  2 giant cockroaches (D:3)
  6 hobgoblins
  6 kobolds
  A quokka (D:3)
  4 ball pythons
  2 bats (D:2)
  A frilled lizard (D:1)
  6 goblins
  A rat (D:2)
54 creatures vanquished.

Vanquished Creatures (others)
  A rat (D:3)
1 creature vanquished.

Grand Total: 55 creatures vanquished

Notes
Turn   | Place    | Note
-------+----------+-------------------------------------------
     0 | Abyss:1  | xian the Demonspawn Abyssal Knight began the quest for the
                  | Orb.
     0 | Abyss:1  | Reached XP level 1. HP: 18/18 MP: 2/2
    51 | Abyss:1  | Noticed a sixfirhy
    51 | Abyss:1  | Noticed an ancient lich
    52 | D:1      | Escaped the Abyss
   162 | D:1      | Reached ** piety under Lugonu
   859 | D:2      | Gained mutation: You have a pair of small horns on your
                  | head. [demonic ancestry]
   859 | D:2      | Reached XP level 2. HP: 24/24 MP: 4/4
  1823 | D:3      | Gained mutation: You are partially covered in molten
                  | scales. (AC +2) [demonic ancestry]
  1823 | D:3      | Reached XP level 3. HP: 26/29 MP: 5/5
  1957 | D:3      | Reached skill level 1 in Dodging
  2069 | D:3      | Found a basalt altar of Yredelemnul.
  2493 | D:4      | Gained mutation: A weak demonic guardian rushes to your
                  | aid. [demonic ancestry]
  2493 | D:4      | Reached XP level 4. HP: 35/37 MP: 6/6
  2581 | D:4      | Found a bloodstained altar of Trog.
  2811 | D:4      | Noticed a necrophage
  2828 | D:4      | Killed a necrophage
  2829 | D:4      | Reached skill level 1 in Stealth
  2829 | D:4      | Reached XP level 5. HP: 35/42 MP: 7/7
  3074 | D:5      | Entered Level 5 of the Dungeon
  3248 | D:4      | Found a sacrificial altar of Ru.
  3407 | D:4      | Noticed an ogre
  3419 | D:4      | Killed an ogre
  3419 | D:4      | Reached *** piety under Lugonu
  3420 | D:4      | Gained mutation: You are mostly covered in molten scales.
                  | (AC +3) [demonic ancestry]
  3420 | D:4      | Reached XP level 6. HP: 11/48 MP: 7/9
  4344 | D:5      | Found Esuh's Antique Weapon Shoppe.
  4349 | D:5      | Noticed Grinder
  4546 | D:5      | HP: 2/48 [Grinder (3)]
  4554 | D:5      | Slain by Grinder

Illustrated notes

Levels and vault maps discovered:
D:1:      minmay_arrival_stone_box, layout_loops_ring
D:2:      layout_basic
D:3:      layout_rooms, elyvilon_altar_4, amcnicky_altar_gilded
D:4:      layout_loops_corners, nicolae_ru_path_of_blood, trog_antimagical,
          st_stairs_6, grunt_decor_clamped
D:5:      lemuel_castle_with_subvaults [lemuel_castle_interior_carwin_2],
          layout_basic, grunt_temple_overflow_cloverleaf, serial_shops,
          nicolae_shop_statue_plus, uniq_grinder, uniq_sigmund

Skill      XL: |  1  2  3  4  5 |
---------------+----------------+-----
Short Blades   | 2 3 |  3.5
Armour         | 2 3 |  3.4
Dodging        | 1 |  1.7
Invocations    | 3 4 |  4.4
Stealth        | 1 |  1.3
Fighting       | 4 |  4.3

Action                   |  1- 3 |  4- 6 || total
-------------------------+-------+-------++-------
Melee: Short sword       |    21 |       ||    21
       Dagger            |    63 |   119 ||   182
       Headbutt          |     9 |    18 ||    27
       Punch             |       |     1 ||     1
Invok: Depart the Abyss  |     1 |       ||     1
  Use: Scroll            |       |     2 ||     2
       Potion            |       |     1 ||     1
 Stab: Sleeping          |     2 |       ||     2
       Distracted        |       |     1 ||     1
Armor: Leather armour    |     9 |       ||     9
       Ring mail         |    16 |     7 ||    23
       Chain mail        |       |    58 ||    58
Dodge: Dodged            |    55 |    44 ||    99
